 Dungeon Crawl Stone Soup version 0.29-a0-384-g6960b1960d (webtiles) character file.

Game seed: 12265990780928474934

832 zeratav the Archer (level 7, -3/40 HPs)
             Began as a Tengu Hunter on May 6, 2022.
             Was an Initiate of Hepliaklqana.
             Slain by an ice beast (13 damage)
             ... on level 5 of the Dungeon.
             The game lasted 00:08:14 (3937 turns).

zeratav the Archer (Tengu Hunter)                   Turns: 3937, Time: 00:08:15

Health: -3/40      AC:  6    Str: 11    XL:     7   Next: 98%
Magic:  8/8        EV: 14    Int: 10    God:    Hepliaklqana [......]
Gold:   204        SH:  0    Dex: 19    Spells: 6/6 levels left

rFire   . . .      SeeInvis .   a - +1 shortbow {bow}
rCold   . . .      Faith    .   (shield currently unavailable)
rNeg    . . .      Spirit   .   b - +0 leather armour
rPois   .          Reflect  .   h - +1 hat
rElec   .          Harm     .   g - +0 cloak
rCorr   .          Rampage  .   i - +0 pair of gloves
Will    .....                   (boots unavailable)
Stlth   ++........              (no amulet)
HPRegen 0.13/turn               (no ring)
MPRegen 0.11/turn               (no ring)

@: flying quickly and evasively, quick
A: beak, talons 3, nimble flight
a: Renounce Religion


You were on level 5 of the Dungeon.
You worshipped Hepliaklqana.
Hepliaklqana was noncommittal.
You visited 2 branches of the dungeon, and saw 6 of its levels.

You collected 204 gold pieces.


Innate Abilities, Weirdness & Mutations

You have a beak for a mouth.
You have claws for feet.
Your magical nature lets you fly swiftly and evasively.


   Skills:
 - Level 2.0 Fighting
 + Level 10.5 Bows
 - Level 2.1 Dodging
 - Level 1.0 Stealth


You had 6 spell levels left.
You didn't know any spells.
Your spell library contained the following spells:

 Spells                   Type           Power      Damage    Failure   Level
 Slow                     Hex            0%         N/A       45%         1
 Ensorcelled Hibernation  Hex/Ice        0%         N/A       58%         2
 Passwall                 Tmut/Erth      0%         N/A       58%         2
 Confusing Touch          Hex            0%         N/A       83%         3
 Ozocubu's Armour         Ice            0%         N/A       83%         3
 Swiftness                Air            0%         N/A       83%         3
 Vampiric Draining        Necr           0%         2d6       83%         3
 Ozocubu's Refrigeration  Ice            0%         4d5       100%        7
 Chain Lightning          Conj/Air       0%         N/A       100%        9
 Fire Storm               Conj/Fire      0%         5d1       100%        9
 Shatter                  Erth           0%         3d5*      100%        9

Inventory:

Hand Weapons
 a - a +1 shortbow (weapon) {bow}
Armour
 b - a +0 leather armour (worn)
 g - a +0 cloak (worn)
   (You found it on level 1 of the Dungeon)
 h - a +1 hat (worn)
   (You found it on level 1 of the Dungeon)
 i - a +0 pair of gloves (worn)
   (You found it on level 4 of the Dungeon)
 l - a +0 ring mail
   (You found it on level 4 of the Dungeon)
Jewellery
 u - an amulet of guardian spirit
   (You found it on level 5 of the Dungeon)
Wands
 o - a wand of digging (6)
   (You found it on level 2 of the Dungeon)
 t - a wand of flame (19)
   (You found it on level 5 of the Dungeon)
Scrolls
 c - 2 scrolls of immolation {!r!r}
 e - 4 scrolls of identify {unknown}
 f - 2 scrolls of teleportation {unknown}
 j - a scroll of vulnerability {unknown}
 q - a scroll of noise {unknown}
 r - a scroll of enchant weapon {unknown}
 s - a scroll of blinking {unknown}
Potions
 d - 7 potions of curing {unknown}
 k - a potion of degeneration {unknown}
 m - 2 potions of heal wounds {unknown}
 n - a potion of mutation {unknown}
 p - a potion of haste {unknown}

Dungeon Overview and Level Annotations

Branches:
Dungeon (5/15)             Temple (1/1) D:4

Altars:
Dithmenos
Elyvilon
Fedhas
Gozag
Hepliaklqana
Kikubaaqudgha
Makhleb
Qazlal
Ru
Sif Muna
Uskayaw
Xom
Yredelemnul
Zin

##### ....# #########
#..#########..>....#
#..@..............#
##..Y..............#
#..>...............#
###..................#
##....................#
........)†<...........#
###.#..............#####
.........)....[...##
..####..........##


You could see an ice beast.


Message History

The gnoll sergeant hits you from afar with a +0 trident!
* * * LOW HITPOINT WARNING * * *
HP[-10]
You take 10 damage, and now have 19/40 hp.
MASSIVE DAMAGE!! (PAUSE) Shoot: a) +1 shortbow {bow}
Press: ? - help, Q - select action Shift-Dir - straight line, f/p - gnoll sergeant
Aim: a gnoll sergeant, wielding a +0 trident and wearing a +0 ring mail (almost dead, 74% to hit)
You shoot an arrow. The arrow hits the gnoll sergeant!
You kill the gnoll sergeant!
You start resting.
HP[+21]
Your hp is fully restored (40).
(D) Dungeon (T) Temple
Where to? (Enter - D:5, ? - help)
Okay, then.
There is a stone staircase leading down, spattered with blood here.
You fly downwards.
There is a stone staircase leading up, spattered with blood here.
A necrophage is nearby!
You shoot an arrow.
The arrow closely misses the necrophage.
The necrophage barely misses you.
You shoot an arrow.
The arrow completely misses the necrophage.
The necrophage completely misses you.
You shoot an arrow.
The arrow closely misses the necrophage.
The necrophage hits you. The necrophage misses you.
HP[-5]
You take 5 damage, and now have 35/40 hp.
You shoot an arrow. The arrow hits the necrophage!
The necrophage misses you.
HP[+1]
You shoot an arrow. The arrow hits the necrophage!
The necrophage hits you but does no damage.
You shoot an arrow. The arrow hits the necrophage!
The necrophage hits you but does no damage.
You shoot an arrow. The arrow barely misses the necrophage.
The necrophage completely misses you.
You shoot an arrow. The arrow hits the necrophage!
You destroy the necrophage!
No target in view!
No target in view!
t - a wand of flame (19) HP[+4]
Your hp is fully restored (40).
Found a stone staircase leading up.
e - 4 scrolls labelled JUXTIMYUWI (gained 1)
You see here a necrophage corpse.
You now have 186 gold pieces (gained 9).
d - 7 puce potions (gained 1)
u - an amulet of guardian spirit You pick up Ozocubu's Autobiography and begin reading...
You add the spells Ozocubu's Armour and Ozocubu's Refrigeration to your library.
You now have 204 gold pieces (gained 18).
An ice beast comes into view.
Okay, then.
You shoot an arrow.
The arrow completely misses the ice beast.
You shoot an arrow. The arrow barely misses the ice beast.
You shoot an arrow. The arrow hits the ice beast!
You shoot an arrow. The arrow barely misses the ice beast.
You shoot an arrow.
The arrow hits the ice beast but does no damage.
You shoot an arrow. The arrow hits the ice beast.
You shoot an arrow. The arrow closely misses the ice beast.
The ice beast hits you but does no damage.
You shoot an arrow.
The arrow hits the ice beast but does no damage.
The ice beast hits you. The ice beast freezes you!
HP[-16]
You take 16 damage, and now have 24/40 hp.
MASSIVE DAMAGE!! (PAUSE)
You are too injured to fight recklessly!
You are too injured to fight recklessly!
You are too injured to fight recklessly!
You are too injured to fight recklessly!
Shoot: a) +1 shortbow {bow}
Press: ? - help, Q - select action, (/) - cycle Shift-Dir - straight line, f/p - ice beast
Aim: an ice beast (heavily wounded, 68% to hit)
You shoot an arrow. The arrow closely misses the ice beast.
The ice beast hits you. The ice beast freezes you!
* * * LOW HITPOINT WARNING * * *
HP[-10]
You take 10 damage, and now have 14/40 hp.
MASSIVE DAMAGE!! (PAUSE) Shoot: a) +1 shortbow {bow}
Press: ? - help, Q - select action, (/) - cycle Shift-Dir - straight line, f/p - ice beast
Aim: an ice beast (heavily wounded, 68% to hit)
You shoot an arrow.
The arrow hits the ice beast but does no damage.
The ice beast closely misses you.
Shoot: a) +1 shortbow {bow}
Press: ? - help, Q - select action, (/) - cycle Shift-Dir - straight line, f/p - ice beast
Aim: an ice beast (heavily wounded, 68% to hit)
You shoot an arrow. The arrow closely misses the ice beast.
The ice beast hits you.
* * * LOW HITPOINT WARNING * * *
The ice beast freezes you!
You die...

Skill      XL: |  1  2  3  4  5  6  7 |
---------------+----------------------+-----
Bows           | 5 6 8 10 | 10.5
Fighting       | |  2.0
Dodging        | |  2.1
Stealth        | |  1.0

Action                   |  1- 3 |  4- 6 |  7- 9 || total
-------------------------+-------+-------+-------++-------
 Fire: Shortbow          |    97 |   161 |    99 ||   357
Armor: Leather armour    |     9 |    24 |    12 ||    45
Dodge: Dodged            |    12 |    44 |    51 ||   107

Levels and vault maps discovered:
D:1:      shiori_arrival_whats_in_store_for_you, layout_rooms,
          chequers_ecumenical_altar_grove, serial_curves, eino_curves_01,
          eino_curves_03
D:2:      layout_rooms, uniq_robin
D:3:      layout_rooms, zin_angel, minmay_three_crescents
D:4:      layout_cave_pools, mainiacjoe_overflow_24_doors, fedhas_altar_3,
          nicolae_uskayaw_en_pointe, minmay_temple_entry_stoned_glass,
          minmay_misc_feat_tower
D:5:      minmay_inner_zag, layout_rooms, mainiacjoe_overflow_six_doors_small,
          minmay_manual_moon
Temple:   zaba_magenta_temple

Notes
Turn   | Place    | Note
-------+----------+-------------------------------------------
     0 | D:1      | zeratav the Tengu Hunter began the quest for the Orb.
     0 | D:1      | Reached XP level 1. HP: 12/12 MP: 2/2
     0 | D:1      | Noticed a demonspawn zombie
     0 | D:1      | magus.rc [v1.9.6]
     9 | D:1      | Noticed a demonspawn zombie
    11 | D:1      | Noticed a minotaur zombie
    17 | D:1      | Noticed a merfolk zombie
    21 | D:1      | Noticed a merfolk zombie
   134 | D:1      | Reached XP level 2. HP: 17/17 MP: 3/3
   188 | D:1      | Reached skill level 5 in Bows
   236 | D:1      | You pick up a book of Debilitation and begin reading...
   236 | D:1      | You add the spells Slow, Vampiric Draining and Confusing
                  | Touch to your library.
   421 | D:1      | Reached XP level 3. HP: 20/21 MP: 4/4
   573 | D:1      | Found a faded altar of an unknown god.
   645 | D:2      | You pick up a book of Burglary and begin reading...
   645 | D:2      | You add the spells Passwall, Ensorcelled Hibernation and
                  | Swiftness to your library.
   916 | D:2      | Reached skill level 6 in Bows
   922 | D:2      | Reached XP level 4. HP: 26/26 MP: 5/5
   924 | D:2      | Noticed Robin
   937 | D:2      | Killed Robin
  1277 | D:3      | You pick up a book of Annihilations and begin reading...
  1277 | D:3      | You add the spells Chain Lightning, Fire Storm and Shatter
                  | to your library.
  1516 | D:3      | Gained mutation: Your magical nature lets you fly swiftly
                  | and evasively. [Tengu growth]
  1516 | D:3      | Reached XP level 5. HP: 30/30 MP: 6/6
  1743 | D:3      | Found a glowing silver altar of Zin.
  1743 | D:3      | Noticed an angel
  1847 | D:4      | Found a staircase to the Ecumenical Temple.
  1874 | D:4      | Reached skill level 7 in Bows
  1876 | D:4      | HP: 5/30 [gnoll/+0 whip (6)]
  2238 | D:4      | Found a hazy altar of Hepliaklqana.
  2349 | D:4      | Noticed an ogre
  2355 | D:4      | Killed an ogre
  2356 | D:4      | Reached skill level 8 in Bows
  2356 | D:4      | Reached XP level 6. HP: 35/35 MP: 7/7
  2369 | D:4      | Noticed an ice beast
  2377 | D:4      | Killed an ice beast
  2466 | D:4      | Noticed a +0 short sword
  2466 | D:4      | Noticed a +0 spear
  2466 | D:4      | Noticed a +0 short sword
  2467 | D:4      | Noticed a +0 spear
  2469 | D:4      | Noticed a +0 dagger
  2469 | D:4      | Noticed a +0 falchion
  2474 | D:4      | Reached XP level 7. HP: 40/40 MP: 8/8
  2479 | D:4      | Noticed a +0 dagger
  2479 | D:4      | Noticed a +0 falchion
  2481 | D:4      | Found a hide-covered altar of Uskayaw.
  2488 | D:4      | Reached skill level 9 in Bows
  2569 | Temple   | Entered the Ecumenical Temple
  2664 | D:4      | Became a worshipper of Hepliaklqana the Forgotten
  2688 | D:4      | Found a blossoming altar of Fedhas.
  3000 | D:5      | Entered Level 5 of the Dungeon
  3250 | D:4      | Reached skill level 10 in Bows
  3298 | D:5      | HP: 9/40 [gnoll sergeant/+0 trident (2)]
  3917 | D:5      | You add the spells Ozocubu's Armour and Ozocubu's
                  | Refrigeration to your library.
  3937 | D:5      | HP: 10/40 [ice beast (4)]
  3937 | D:5      | Slain by an ice beast

Vanquished Creatures
  An ice beast (D:4)
  2 ogres (D:4)
  A gnoll sergeant (D:4)
  2 necrophages
  A scorpion (D:4)
  2 hounds (D:4)
  An iguana (D:4)
  Robin (D:2)
  7 gnolls
  5 adders
  2 worms
  3 dart slugs
  5 orcs
  10 endoplasms
  6 giant cockroaches
  12 goblins
  14 hobgoblins
  7 jackals
  5 quokkas
  7 ball pythons
  7 bats
  5 frilled lizards
  6 kobolds
  3 rats (D:3)
115 creatures vanquished.

Vanquished Creatures (others)
  5 fungi (D:4)
5 creatures vanquished.

Grand Total: 120 creatures vanquished

Table legend:
 A = Non-vault XP
 B = Vault XP
 C = Vault XP percentage of total XP
 D = Non-vault monster count
 E = Vault monster count
 F = Vault count percentage of total count
                 A         B        C        D         E       F
            +---------+---------+-------+---------+---------+-------
      Total |    1140 |      49 |   4.1 |      96 |      19 |  16.5
            +---------+---------+-------+---------+---------+-------
        D:1 |      39 |       0 |   0.0 |      24 |       0 |   0.0
        D:2 |      50 |      38 |  43.2 |      17 |      13 |  43.3
        D:3 |      63 |      11 |  14.9 |      17 |       6 |  26.1
        D:4 |     875 |       0 |   0.0 |      35 |       0 |   0.0
        D:5 |     113 |       0 |   0.0 |       3 |       0 |   0.0
            +---------+---------+-------+---------+---------+-------

Illustrated notes

Table legend:
 A = Kills in this place as a percentage of kills in entire the game.
 B = Kills by you in this place as a percentage of kills by you in the entire game.
 C = Kills by friends in this place as a percentage of kills by friends in the entire game.
 D = Other kills in this place as a percentage of other kills in the entire game.
 E = Experience gained in this place as a percentage of experience gained in the entire game.
 F = Experience gained in this place divided by the number of levels of this place that you have seen.
                   A       B       C       D       E      F
               +-------+-------+-------+-------+-------+----------------------
         Total | 100.0 | 100.0 |   N/A |   N/A | 100.0 | 198.2
       Dungeon | 100.0 | 100.0 |   N/A |   N/A | 100.0 | 237.8
               +-------+-------+-------+-------+-------+----------------------

Table legend: (Time is in decaauts)
 A = Elapsed time spent in this place.
 B = Non-inter-level travel time spent in this place.
 C = Inter-level travel time spent in this place.
 D = Time resting spent in this place.
 E = Time spent auto-exploring this place.
 F = Levels seen in this place.
 G = Mean time per level.
                   A        B        C        D        E       F      G
               +--------+--------+--------+--------+--------+-----+--------+
         Total |   3904 |   3733 |    171 |    809 |   2087 |   6 |  650.7 |
       Dungeon |   3834 |   3666 |    168 |    809 |   2040 |   5 |  766.8 |
        Temple |     70 |     67 |      3 |      0 |     47 |   1 |   70.0 |
               +--------+--------+--------+--------+--------+-----+--------+

Top non-repeatable levels by time:
     D:4: 1615 daAuts
     D:3: 873 daAuts
     D:2: 638 daAuts
     D:1: 607 daAuts
     D:5: 100 daAuts
  Temple: 70 daAuts
